Map: Sanctuary III LE

Players

Shusa

  • Race: Terran Terran
  • League: Master
  • Spawn Location: 1:00

GhostRobo - Winner!

  • Race: Terran Terran
  • League: Silver
  • Spawn Location: 7:00

VOD

Have the link to the VOD?

Description

Time

  • Played on: July 7, 2026, 11:36 a.m.
  • Length: 8:55
Show
View Real Time Build Order
Export as new Build Order

Shusa Terran 

Build Orders:  

Get SALT Encoding   

  8  0:00  SCV  
  9  0:12  SCV  
  10  0:24  SCV  
  11  0:30  Supply Depot  
  11  0:36  SCV  
  12  0:49  SCV  
  13  0:50  Refinery  
  13  1:01  SCV  
  14  1:08  Refinery  
  14  1:13  SCV  
  15  1:25  SCV  
  16  1:31  Barracks  
  16  1:37  SCV  
  17  1:49  SCV  
  18  2:01  SCV  
  19  2:18  Orbital Command  
  19  2:23  Supply Depot  
  19  2:28  Factory, Reaper  
  20  2:55  Supply Depot, SCV  
  21  3:07  SCV  
  23  3:20  SCV  
  23  3:22  Starport  
  23  3:32  SCV  
  23  3:33  Barracks Reactor  
  24  3:44  SCV  
  24  3:45  Command Center  
  25  3:56  SCV  
  25  4:32  SCV  
  25  4:36  Fusion Core, Starport Tech Lab  
  25  4:37  Factory Tech Lab  
  26  4:44  SCV  
  27  4:56  SCV  
  28  5:01  Supply Depot  
  28  5:08  SCV x2  
  28  5:12  Refinery  
  30  5:14  Refinery  
  30  5:20  SCV  
  30  5:21  SCV  
  32  5:25  Supply Depot  
  32  5:27  Supply Depot  
  32  5:30  Weapon Refit  
  32  5:31  Battlecruiser  
  32  5:33  SCV  
  39  5:43  Siege Tank  
  39  5:45  SCV  
  39  5:48  Supply Depot  
  43  5:57  SCV  
  44  6:09  SCV  
  42  6:18  SCV  
  42  6:30  SCV  
  43  6:34  Siege Tank  
  43  6:35  Viking  
  48  7:05  Battlecruiser  
  54  7:32  SCV  
  49  7:44  SCV  
  49  7:48  Marine x2  
  52  8:06  Marine x2  
  52  8:23  Marine  
  52  8:24  Marine  
Show
View Real Time Build Order
Export as new Build Order

GhostRobo Terran - Winner!

Build Orders: Reaper Expand 

Get SALT Encoding   

  8  0:00  SCV  
  9  0:12  SCV  
  10  0:24  SCV  
  11  0:29  Supply Depot  
  11  0:37  SCV  
  12  0:49  SCV  
  13  0:56  Barracks  
  13  1:04  Refinery  
  13  1:07  SCV  
  14  1:19  SCV  
  15  1:31  SCV  
  16  1:43  Orbital Command  
  16  1:46  Reaper  
  17  2:14  Command Center  
  17  2:19  SCV  
  18  2:35  SCV  
  19  2:40  Marine  
  20  2:46  Supply Depot  
  20  2:47  SCV  
  20  2:48  Factory  
  21  3:12  Bunker  
  21  3:17  SCV  
  21  3:19  Barracks Reactor  
  21  3:26  Refinery  
  22  3:29  SCV  
  23  3:35  Orbital Command  
  23  3:38  Factory Tech Lab  
  23  3:40  Starport  
  22  3:41  SCV  
  23  3:53  SCV  
  23  3:56  Marine x2  
  25  4:05  SCV  
  25  4:14  SCV  
  26  4:17  SCV  
  26  4:26  SCV  
  26  4:29  SCV  
  28  4:32  Starport Reactor  
  28  4:39  SCV  
  28  4:42  SCV  
  28  4:44  Factory Tech Lab  
  30  4:50  Raven  
  30  4:51  SCV  
  33  4:54  Marine x2, SCV  
  36  5:03  SCV, Siege Tank  
  36  5:06  SCV  
  41  5:11  Marine  
  42  5:21  Supply Depot  
  42  5:23  Supply Depot  
  42  5:43  Marine x2, SCV x2  
  42  5:48  Barracks  
  42  5:49  Barracks  
  46  5:55  SCV x2  
  48  6:00  Marine x2  
  50  6:07  SCV x2  
  52  6:18  Marine  
  52  6:19  SCV x2  
  55  6:27  Command Center  
  55  6:29  Supply Depot  
  55  6:31  SCV x2  
  55  6:32  Marine  
  58  6:34  Engineering Bay  
  58  6:36  Engineering Bay  
  58  6:44  Starport Reactor  
  58  6:45  Marine  
  58  6:48  SCV  
  58  6:50  Marine  
  57  7:00  Cyclone  
  51  7:11  SCV x2  
  51  7:16  Marine  
  51  7:17  Marine x3  
  52  7:23  SCV x2  
  53  7:32  Cyclone  
  53  7:34  Marine x2  
  58  7:42  SCV  
  58  7:54  Supply Depot  
  58  7:55  Refinery  
  58  7:56  Supply Depot  
  58  7:57  Supply Depot  
  58  7:59  Refinery  
  58  8:03  Missile Turret  
  58  8:04  Marine  
  58  8:06  Missile Turret x2  
  58  8:07  Marine  
  58  8:10  Missile Turret, SCV  
  58  8:28  SCV  
  58  8:30  Marine  
  58  8:41  SCV  
Tags
 
Add a new tag
Caveats
  • Supply blocks, unpowered buildings, or Contaminate may cause inaccurate times.
  • Supply counts are checked every 10 seconds.